 Dungeon Crawl Stone Soup version 0.26-a0-466-g989023bd0d (webtiles) character file.

Game seed: 12631670327389983310

44 Lanoc the Slasher (level 3, -7/35 HPs)
             Began as a Gnoll Chaos Knight on Aug 3, 2020.
             Was a Plaything of Xom.
             Mangled by an iguana (16 damage)
             ... on level 3 of the Dungeon.
             The game lasted 00:00:56 (684 turns).

Lanoc the Slasher (Gnoll Chaos Knight)               Turns: 684, Time: 00:00:56

Health: -7/35      AC:  5    Str: 14    XL:     3   Next: 60%
Magic:  4/4        EV: 13    Int: 14    God:    Xom [..*...]
Gold:   66         SH:  0    Dex: 15    Spells: 2/3 levels left

rFire    . . .     SeeInvis .   a - +0 falchion (chaos)
rCold    . . .     Faith    .   (no shield)
rNeg     . . .     Spirit   .   b - +2 leather armour
rPois    .         Reflect  .   (no helmet)
rElec    .         Harm     .   (no cloak)
rCorr    .                      (no gloves)
MR       .....                  (no boots)
Stlth    +.........             (no amulet)
HPRegen  0.11/turn              (no ring)
MPRegen  0.09/turn              (no ring)

@: no status effects
A: distributed training, fangs 1, strong nose
a: Renounce Religion


You were on level 3 of the Dungeon.
You worshipped Xom.
You were a toy of Xom.
You visited 1 branch of the dungeon, and saw 3 of its levels.

You collected 66 gold pieces.

Inventory:

Hand Weapons
 a - a +0 falchion of chaos (weapon)
Armour
 b - a +2 leather armour (worn)
Scrolls
 g - a scroll of teleportation {unknown}
 i - a scroll of random uselessness {unknown}
Potions
 c - 2 potions of curing {unknown}
 d - a potion of brilliance {unknown}
 e - 2 potions of resistance {unknown}
 f - a potion of ambrosia {unknown}
 h - 3 potions of stabbing {unknown}


   Skills:
 + Level 6.5 Fighting
 + Level 0.9 Short Blades
 + Level 6.5 Long Blades
 + Level 0.9 Axes
 + Level 0.9 Maces & Flails
 + Level 0.9 Polearms
 + Level 0.9 Staves
 + Level 0.9 Slings
 + Level 0.9 Bows
 + Level 0.9 Crossbows
 + Level 0.9 Throwing
 + Level 4.5 Armour
 + Level 2.6 Dodging
 + Level 0.9 Stealth
 + Level 0.9 Shields
 + Level 0.9 Unarmed Combat
 + Level 0.9 Spellcasting
 + Level 0.6 Conjurations
 + Level 0.6 Hexes
 + Level 0.6 Summonings
 + Level 0.6 Necromancy
 + Level 0.6 Translocations
 + Level 0.6 Transmutations
 + Level 0.6 Fire Magic
 + Level 0.6 Ice Magic
 + Level 0.6 Air Magic
 + Level 0.6 Earth Magic
 + Level 0.6 Poison Magic
 + Level 1.0 Invocations
 + Level 0.9 Evocations


You had 2 spell levels left.
You knew the following spells:

 Your Spells              Type           Power        Failure   Level
a - Apportation           Tloc           #.....       26%         1

Your spell library contained the following spells:

 Spells                   Type           Power        Failure   Level
 Animate Skeleton         Necr           #.....       26%         1
 Corona                   Hex            #......      26%         1
 Summon Small Mammal      Summ           #...         26%         1


Dungeon Overview and Level Annotations

Branches:
Dungeon (3/15)

Altars:


Innate Abilities, Weirdness & Mutations

Your experience applies equally to all skills.
You have very sharp teeth.
Your uncanny sense of smell can sniff out nearby items.


Message History

The jackal barely misses you. The jackal closely misses you.
The iguana bites you!!
Ouch! That really hurt!
You closely miss the iguana.
The iguana is almost dead.
The iguana is no longer moving slowly.
The jackal closely misses you.
The jackal bites you but does no damage.
The jackal misses you.
The jackal bites you but does no damage.
The iguana bites you but does no damage.
You hit the iguana but do no damage.
The iguana is almost dead.
The jackal closely misses you. The iguana bites you!
* * * LOW HITPOINT WARNING * * *
The jackal closely misses you.
Unknown command.
You closely miss the iguana.
The iguana is almost dead.
The jackal misses you. The iguana bites you!
You die...

#... ..( ####
..# ....##.
##...
###.###...
#.##....
#.......##.
........ #
#.#....?..
.##....
#.##.#.....##.
##..(
.............
##.#
#?..h...... #.#
###..@lb....#
#.#
#...##h...#.#
##.# #.###
....... #..#
#.# ....?..
#.## #.#
###.... #.# #.#
.... ####.#
##.## ...
#....# #...####
..∆ #.####
#......########
#.#


You could see an iguana (berserk), 2 jackals and a bat.

Vanquished Creatures
  2 adders
  An ooze (D:3)
  A dart slug (D:3)
  A leopard gecko (D:3)
  An orc (D:3)
  3 bats (D:3)
  2 giant cockroaches (D:3)
  A goblin (D:3)
  2 hobgoblins
  A quokka (D:3)
  A ball python (D:3)
  A kobold (D:3)
  A rat (D:3)
18 creatures vanquished.

Notes
Turn   | Place    | Note
-------+----------+-------------------------------------------
     0 | D:1      | Lanoc the Gnoll Chaos Knight began the quest for the Orb.
     0 | D:1      | Reached XP level 1. HP: 23/23 MP: 1/1
    40 | D:2      | Reached XP level 2. HP: 28/29 MP: 2/2
   285 | D:3      | Reached XP level 3. HP: 28/35 MP: 3/3
   295 | D:3      | Reached skill level 1 in Invocations
   425 | D:3      | XOM: 1-stop teleportation journey
   608 | D:3      | Learned a level 1 spell: Apportation
   684 | D:3      | Mangled by an iguana

Illustrated notes

Levels and vault maps discovered:
D:1:      dpeg_arrival_connections, layout_basic
D:2:      wad_lake_hut, layout_basic
D:3:      layout_loops_cross

Skill      XL: |  1  2  3 |
---------------+----------+-----
Invocations    | 1 |  1.0
Fighting       | |  6.5
Short Blades   | |  0.9
Long Blades    | |  6.5
Axes           | |  0.9
Maces & Flails | |  0.9
Polearms       | |  0.9
Staves         | |  0.9
Slings         | |  0.9
Bows           | |  0.9
Crossbows      | |  0.9
Throwing       | |  0.9
Armour         | |  4.5
Dodging        | |  2.6
Stealth        | |  0.9
Shields        | |  0.9
Unarmed Combat | |  0.9
Spellcasting   | |  0.9
Conjurations   | |  0.6
Hexes          | |  0.6
Summonings     | |  0.6
Necromancy     | |  0.6
Translocations | |  0.6
Transmutations | |  0.6
Fire Magic     | |  0.6
Ice Magic      | |  0.6
Air Magic      | |  0.6
Earth Magic    | |  0.6
Poison Magic   | |  0.6
Evocations     | |  0.9

Action                   || total
-------------------------++-------
Melee: Falchion          ||    54
       Bite              ||     7
 Stab: Paralysed         ||     1
       Sleeping          ||     1
Armor: Leather armour    ||    24
Dodge: Dodged            ||    44
       Rpst.: Falchion   ||     8

Table legend: (Time is in decaauts)
 A = Elapsed time spent in this place.
 B = Non-inter-level travel time spent in this place.
 C = Inter-level travel time spent in this place.
 D = Time resting spent in this place.
 E = Time spent auto-exploring this place.
 F = Levels seen in this place.
 G = Mean time per level.
                   A        B        C        D        E       F      G
               +--------+--------+--------+--------+--------+-----+--------+
         Total |    682 |    671 |     11 |      0 |    554 |   3 |  227.3 |
       Dungeon |    682 |    671 |     11 |      0 |    554 |   3 |  227.3 |
               +--------+--------+--------+--------+--------+-----+--------+

Top non-repeatable levels by time:
     D:3: 631 daAuts
     D:2: 42 daAuts
     D:1: 8 daAuts
